 Dungeon Crawl Stone Soup version 0.26-a0-597-gb535b0901c (webtiles) character file.

Game seed: 7313147712374623559

126 Lanoc the Skirmisher (level 4, 0/48 HPs)
             Began as a Troll Delver on Aug 28, 2020.
             Slain by a hell rat (13 damage)
             ... on level 5 of the Dungeon.
             The game lasted 00:02:42 (635 turns).

Lanoc the Skirmisher (Troll Delver)                  Turns: 635, Time: 00:02:43

Health: 0/48       AC:  6    Str: 20    XL:     4   Next: 84%
Magic:  3/3        EV: 10    Int:  6    God:
Gold:   15         SH:  0    Dex: 12    Spells: 3/3 levels left

rFire    . . .     SeeInvis .   k - +0 trident (protect)
rCold    . . .     Faith    .   (no shield)
rNeg     . . .     Spirit   .   b - +0 robe
rPois    .         Reflect  .   (helmet restricted)
rElec    .         Harm     .   (no cloak)
rCorr    .                      (gloves unavailable)
MR       .....                  (boots unavailable)
Stlth    ++........             (no amulet)
HPRegen  0.56/turn              i - ring of flight
MPRegen  0.08/turn              (no ring)

@: heavily drained
A: large, unfitting armour, claws 3, regeneration 1, shaggy fur 1, tough skin 3
a: Evoke Flight


You were on level 5 of the Dungeon.
You visited 1 branch of the dungeon, and saw 1 of its levels.

You collected 15 gold pieces.

Inventory:

Hand Weapons
 k - a +0 trident of protection (weapon)
Armour
 b - a +0 robe (worn)
Jewellery
 i - a ring of flight (left claw)
Wands
 g - a wand of digging (3)
 h - a wand of flame (11)
Scrolls
 a - a scroll of identify {unknown}
 c - a scroll of fog
 d - a scroll of magic mapping
 j - 2 scrolls of remove curse {unknown}


   Skills:
 + Level 3.7(2.1) Fighting
   Level 1.7(0.3) Maces & Flails
 + Level 3.1(1.6) Dodging
 - Level 2.7(1.2) Stealth


You had 3 spell levels left.
You didn't know any spells.
Your spell library was empty.

Dungeon Overview and Level Annotations

Branches:
Dungeon (5/15)
 Temple: D:4-7

Altars:


Innate Abilities, Weirdness & Mutations

You are too large for most types of armour.
You have claws for hands.
Your natural rate of healing is unusually fast.
You are covered in fur. (AC +1)
You have extremely tough skin. (AC +3)


Message History

You feel drained.
* * * LOW HITPOINT WARNING * * *
The adder zombie bites you.
* * * LOW HITPOINT WARNING * * *
You feel yourself slow down. The hell rat barely misses you.
There is an open door here.
The hell rat closely misses you.
You aren't carrying any potions.
As you read the scroll of fear, it crumbles to dust.
You assume a fearsome visage.
The hell rat is unaffected.
The adder zombie is unaffected.
The hell rat bites you!
* * * LOW HITPOINT WARNING * * *
The hell rat bites you but does no damage.
Things that are here:
a +0 mace; a +2 leather armour of poison resistance; an orc skeleton
Things that are here:
a +0 flail; an orc skeleton The hell rat bites you!
You die...

...........# #r##
.[##.##.....
...........#######.#
###.###.....
...........'.....#.####.##
#.####
..(........#####.##r##.##
#..... ..##########
#.###.#r# ###### ..#
#Z##.#.## #..... ..#
#)###### #.#### ..# #r#.
#.# ### #@#.## #.# #.#...
#.# #.#..# #.# #.#..# #.#
#.#..# #.# #.#..########.#
#.#..........<#
#.##.########.#### #.##.#
#.....


You could see a hell rat and an adder zombie.

Vanquished Creatures
  Ijyb (D:5)
  2 iguanas (D:5)
  3 river rats (D:5)
  A shadow imp (D:5)
  4 orcs (D:5)
  11 rats (D:5)
22 creatures vanquished.

Notes
Turn   | Place    | Note
-------+----------+-------------------------------------------
     0 | D:5      | Lanoc the Troll Delver began the quest for the Orb.
     0 | D:5      | Reached XP level 1. HP: 22/22 MP: 0/0
    18 | D:5      | Noticed Ijyb
    21 | D:5      | Noticed an iguana
   108 | D:5      | Killed an iguana
   108 | D:5      | Reached XP level 2. HP: 6/29 MP: 1/1
   158 | D:5      | Killed Ijyb
   158 | D:5      | Reached XP level 3. HP: 34/37 MP: 2/2
   198 | D:5      | HP: 1/37 [iguana (9)]
   199 | D:5      | Reached XP level 4. HP: 2/45 MP: 3/3
   544 | D:5      | Found the +2 ratskin cloak {*Rats rPois rN+ Str-1 Int-1
                  | Dex+1}
   635 | D:5      | Slain by a hell rat

Illustrated notes

Levels and vault maps discovered:
D:5:      wander_guarded_unrand_ratskin, layout_basic, serial_shops,
          nicolae_shop_behind_doors, uniq_ijyb, uniq_grinder,
          uniq_crazy_yiuf_cottage

Skill      XL: |  1  2  3  4 |
---------------+-------------+-----
Dodging        | 2 3 |  3.1
Fighting       | 3 |  3.7
Maces & Flails | |  1.7
Stealth        | |  2.7

Action                   |  1- 3 |  4- 6 || total
-------------------------+-------+-------++-------
Melee: Mace              |    34 |     5 ||    39
       Trident           |       |    68 ||    68
  Use: Scroll            |       |     1 ||     1
       Potion            |       |     1 ||     1
 Stab: Sleeping          |       |     8 ||     8
Armor: Robe              |     3 |    16 ||    19
Dodge: Dodged            |    20 |    29 ||    49

Table legend: (Time is in decaauts)
 A = Elapsed time spent in this place.
 B = Non-inter-level travel time spent in this place.
 C = Inter-level travel time spent in this place.
 D = Time resting spent in this place.
 E = Time spent auto-exploring this place.
 F = Levels seen in this place.
 G = Mean time per level.
                   A        B        C        D        E       F      G
               +--------+--------+--------+--------+--------+-----+--------+
         Total |    647 |    647 |      0 |      0 |    278 |   1 |  647.0 |
       Dungeon |    647 |    647 |      0 |      0 |    278 |   1 |  647.0 |
               +--------+--------+--------+--------+--------+-----+--------+

Top non-repeatable levels by time:
     D:5: 647 daAuts
